 Dungeon Crawl Stone Soup version 0.31.0-11-ge490571c62 (webtiles) character file.

Game seed: 4620516993866302216

483 qw the Ducker (level 6, -3/30 HPs)
             Began as a Spriggan Hunter on Feb 4, 2024.
             Slain by a gnoll bouda
             ... wielding a +0 whip
              (7 damage)
             ... on level 4 of the Dungeon.
             The game lasted 00:00:15 (3079 turns).

qw the Ducker (Spriggan Hunter)                     Turns: 3079, Time: 00:00:15

Health: -3/30      AC:  3    Str:  7    XL:     6   Next: 87%
Magic:  7/7        EV: 22    Int: 11    God:
Gold:   190        SH:  0    Dex: 20    Spells: 5/5 levels left

rFire   . . .        a - +1 shortbow
rCold   . . .        (shield currently unavailable)
rNeg    . . .        c - +0 robe
rPois   .            (helmet restricted)
rElec   .            j - +0 cloak
rCorr   .            (gloves unavailable)
SInv    +            (boots unavailable)
Will    +....        (no amulet)
Stlth   ++           (no ring)
HPRegen 0.25/turn    (no ring)
MPRegen 0.10/turn

%: no passive effects
@: about to teleport, very quick
A: very small, no large weapons, unfitting armour, see invisible, speed 3
a: no special abilities


You were on level 4 of the Dungeon.
You visited 1 branch of the dungeon, and saw 5 of its levels.

You collected 190 gold pieces.


Innate Abilities, Weirdness & Mutations

You are very small and have problems with some larger weapons.
You are too small for most types of armour.
You have supernaturally acute eyesight. (SInv)
You cover ground extremely quickly. (Speed+++)


   Skills:
 - Level 2.1 Fighting
 + Level 6.5 Ranged Weapons
 - Level 6.7 Dodging
 - Level 1.5 Stealth


You had 5 spell levels left.
You didn't know any spells.
Your spell library was empty.

Inventory:

Hand Weapons
 a - a +1 shortbow (weapon)
Armour
 c - a +0 robe (worn)
 j - a +0 cloak (worn)
Scrolls
 h - a scroll of teleportation
Potions
 d - a potion of might
 e - a potion of lignification {unknown}
 f - a potion of mutation {unknown}
 g - a potion of brilliance {unknown}
 k - a potion of enlightenment {unknown}

Dungeon Overview and Level Annotations

Branches:
Dungeon (5/15)
 Temple: D:4-7

Altars:
Trog
Uskayaw

Shops:
D:1 =


Message History

The gnoll shouts!
The arrow hits the gnoll.
The gnoll is heavily wounded.
The gnoll bouda barks out a call to the hunt!
The gnolls pick up the pace!
The gnoll hits you from afar with a +0 spear.
3056 ||| STAIRDANCE The gnoll closely misses you.
The gnoll completely misses you.
The gnoll bouda calls upon its god to heal the gnoll.
The gnoll is healed somewhat.
You climb upwards.
There is a stone staircase leading down here.
You start resting.
HP restored.
You climb downwards.
The gnoll completely misses you.
There is a stone staircase leading up, spattered with blood here.
3074 ||| STAIRDANCE The gnoll completely misses you.
The gnoll barely misses you.
The gnoll hits you from afar with a +0 spear.
You climb upwards.
There is a stone staircase leading down here.
You shoot an arrow.
The arrow barely misses the gnoll bouda.
The gnoll misses you.
The gnoll bouda barks out a call to the hunt!
The gnoll picks up the pace!
The gnoll hits you with a +0 flail! The gnoll bouda barely misses you.
You shoot an arrow. The arrow hits the gnoll bouda.
The gnoll bouda is lightly wounded.
The gnoll hits you with a +0 flail.
The gnoll bouda hits you with a +0 whip!
3078 ||| READING 2 scrolls of teleportation.
As you read the scroll of teleportation, it crumbles to dust.
You feel strangely unstable. The gnoll completely misses you.
The gnoll bouda misses you.
You shoot an arrow.
The arrow barely misses the gnoll bouda.
The gnoll closely misses you.
The gnoll bouda hits you with a +0 whip!
You die...

.##....##.##.#...................
.....#.##.##.#.##.##.............
#......##.#.......#######.###.###
..#..####.[.#.....#.###.###.###.#
.##)## #.##.......#.#.#.#.#.#.#.
###.## #.##.......#.#.#.#.#.#.#.
##...####.##..)...###.###.###.###
#<................#####.###.#####
#....##..##.....@.....##...#####.
#....#.........g.g.##............
#.##....####.......#..##.......#.
...........#.........###.#.#####.
####................####...# #.
...........##............### #.
...........##.....####...# ##
##.....................###
...##########....#######


You could see a gnoll bouda and a gnoll (swift).

Vanquished Creatures
  A black bear (D:4)
  2 bombardier beetles (D:4)
  2 jellies (D:4)
  Jessica (D:2)
  2 iguanas (D:4)
  6 gnolls
  7 adders
  3 dart slugs
  4 orcs (D:4)
  9 ball pythons
  A bat (D:2)
  4 endoplasms (D:3)
  2 giant cockroaches
  7 goblins
  4 hobgoblins
  2 quokkas (D:3)
  5 frilled lizards
  9 kobolds
  6 rats
77 creatures vanquished.

Notes
Turn   | Place    | Note
-------+----------+-------------------------------------------
     0 | D:1      | qw the Spriggan Hunter began the quest for the Orb.
     0 | D:1      | Reached XP level 1. HP: 10/10 MP: 2/2
     0 | D:1      | 0 ||| qw: Version: 0.3-a-160-g6735b56
     0 | D:1      | 0 ||| qw: Game counter: 4830
     0 | D:1      | 0 ||| qw: Melee chars always use a shield: true
     0 | D:1      | 0 ||| qw: God list: Okawaru
     0 | D:1      | 0 ||| qw: Allow faded altars: false
     0 | D:1      | 0 ||| qw: Do Orc after clearing Dungeon:15 true
     0 | D:1      | 0 ||| qw: Do second Lair branch before Depths: true
     0 | D:1      | 0 ||| qw: Lair rune preference: random
     0 | D:1      | 0 ||| qw: Goals: Normal
     0 | D:1      | 0 ||| PLANNING D:1-11
    28 | D:1      | Reached skill level 3 in Dodging
   121 | D:1      | Found Qan Erutiq's Jewellery Shop.
   124 | D:1      | 124 ||| SHOPLISTING +6 ring of strength (360 gold, have
                  | 14).
   124 | D:1      | 124 ||| SHOPLISTING amulet of regeneration (300 gold, have
                  | 14).
   124 | D:1      | 124 ||| SHOPLISTING ring "Qukhluklu" {*Corrode rElec rPois
                  | Will++} (424 gold, have 14).
   124 | D:1      | 124 ||| SHOPLISTING ring of ice (250 gold, have 14).
   124 | D:1      | 124 ||| SHOPLISTING ring of poison resistance (200 gold,
                  | have 14).
   364 | D:1      | Reached XP level 2. HP: 14/14 MP: 3/3
   851 | D:1      | 851 ||| UPGRADING to +0 cloak.
   856 | D:1      | 856 ||| READING scroll labelled TIAHUD JUHITO.
   857 | D:1      | 857 ||| READING 2 scrolls labelled NENASCH FOVVEW.
   857 | D:1      | 857 ||| IDENTIFYING viscous amethyst potion
   858 | D:1      | 858 ||| READING scroll of identify.
   858 | D:1      | 858 ||| IDENTIFYING brown potion
   859 | D:1      | 859 ||| READING scroll labelled DIBBOCL JUNO.
   863 | D:1      | 863 ||| DRINKING 2 dark potions.
   864 | D:1      | 864 ||| DROPPING scroll of butterflies.
   865 | D:1      | 865 ||| DROPPING potion of magic.
   866 | D:1      | 866 ||| DROPPING potion of attraction.
  1011 | D:2      | Reached XP level 3. HP: 17/18 MP: 4/4
  1054 | D:2      | 1054 ||| RETREEEEATING.
  1055 | D:2      | 1055 ||| RETREEEEATING.
  1056 | D:2      | 1056 ||| RETREEEEATING.
  1059 | D:2      | 1059 ||| RETREEEEATING.
  1060 | D:2      | 1060 ||| RETREEEEATING.
  1061 | D:2      | 1061 ||| FLEEEEING.
  1062 | D:2      | 1062 ||| RETREEEEATING.
  1063 | D:2      | 1063 ||| RETREEEEATING.
  1064 | D:2      | 1064 ||| FLEEEEING.
  1065 | D:2      | 1065 ||| FLEEEEING.
  1066 | D:2      | 1066 ||| FLEEEEING.
  1067 | D:2      | 1067 ||| FLEEEEING.
  1068 | D:2      | 1068 ||| FLEEEEING.
  1070 | D:2      | 1070 ||| FLEEEEING.
  1071 | D:2      | 1071 ||| FLEEEEING.
  1189 | D:2      | Reached XP level 4. HP: 22/22 MP: 5/5
  1588 | D:2      | 1588 ||| DROPPING +6 ring of intelligence.
  1589 | D:2      | 1589 ||| READING scroll labelled YVAUVOSS QOFOE.
  1621 | D:3      | Noticed Jessica
  1623 | D:3      | 1623 ||| STAIRDANCE
  1628 | D:2      | Killed Jessica
  1648 | D:3      | Reached XP level 5. HP: 26/26 MP: 6/6
  1926 | D:3      | HP: 5/26 [gnoll/+0 halberd (14)]
  1927 | D:3      | 1927 ||| READING scroll of teleportation.
  2097 | D:3      | Found a hide-covered altar of Uskayaw.
  2298 | D:3      | 2298 ||| READING scroll labelled KENE QEUSIFEU.
  2298 | D:3      | 2298 ||| ENCHANTING +0 shortbow.
  2395 | D:4      | Reached skill level 6 in Ranged Weapons
  2454 | D:4      | Reached XP level 6. HP: 16/30 MP: 7/7
  2464 | D:4      | 2464 ||| FLEEEEING.
  2465 | D:4      | 2465 ||| FLEEEEING.
  2467 | D:4      | 2467 ||| FLEEEEING.
  2483 | D:4      | 2483 ||| FLEEEEING.
  2484 | D:4      | 2484 ||| FLEEEEING.
  2491 | D:4      | 2491 ||| FLEEEEING.
  2492 | D:4      | 2492 ||| FLEEEEING.
  2493 | D:4      | 2493 ||| FLEEEEING.
  2494 | D:4      | 2494 ||| FLEEEEING.
  2495 | D:4      | 2495 ||| FLEEEEING.
  2496 | D:4      | 2496 ||| FLEEEEING.
  2497 | D:4      | 2497 ||| FLEEEEING.
  2498 | D:4      | 2498 ||| FLEEEEING.
  2499 | D:4      | 2499 ||| FLEEEEING.
  2500 | D:4      | 2500 ||| FLEEEEING.
  2501 | D:4      | 2501 ||| FLEEEEING.
  2502 | D:4      | 2502 ||| FLEEEEING.
  2504 | D:4      | 2504 ||| FLEEEEING.
  2505 | D:4      | 2505 ||| FLEEEEING.
  2507 | D:4      | 2507 ||| FLEEEEING.
  2508 | D:4      | 2508 ||| FLEEEEING.
  2587 | D:4      | Reached skill level 6 in Dodging
  2819 | D:4      | Found a bloodstained altar of Trog.
  2828 | D:4      | 2828 ||| READING scroll of identify.
  2828 | D:4      | 2828 ||| IDENTIFYING pink potion
  2829 | D:4      | 2829 ||| READING scroll labelled XULEHYG XISU.
  2930 | D:4      | 2930 ||| DROPPING potion of degeneration.
  2949 | D:5      | Entered Level 5 of the Dungeon
  2952 | D:5      | 2952 ||| STAIRDANCE
  2961 | D:5      | 2961 ||| STAIRDANCE
  2961 | D:5      | HP: 7/30 [gnoll/+0 spear[a gnoll bouda] (4)]
  3056 | D:5      | 3056 ||| STAIRDANCE
  3074 | D:5      | 3074 ||| STAIRDANCE
  3077 | D:4      | HP: 3/30 [gnoll bouda/+0 whip (8)]
  3078 | D:4      | 3078 ||| READING 2 scrolls of teleportation.
  3079 | D:4      | Slain by a gnoll bouda

Levels and vault maps discovered:
D:1:      dpeg_arrival_shelter, layout_basic, serial_shops,
          nicolae_shop_behind_doors
D:2:      layout_basic
D:3:      layout_loops_ring, nicolae_uskayaw_suspiria, uniq_jessica
D:4:      layout_rooms, trog_book, grunt_decor_resistance
D:5:      layout_loops_corners, minmay_temple_entry_water_ring, serial_shops,
          nicolae_shop_tiny_statue_garden, kennysheep_potato

Skill      XL: |  1  2  3  4  5  6 |
---------------+-------------------+-----
Dodging        | 3 4 5 6 |  6.7
Ranged Weapons | 5 6 |  6.5
Fighting       | 2 |  2.1
Stealth        | |  1.5

Action                     |  1- 3 |  4- 6 || total
---------------------------+-------+-------++-------
   Fire: Shortbow          |    82 |   172 ||   254
    Use: Scroll            |     4 |     6 ||    10
         Potion            |     1 |       ||     1
 Armour: Robe              |    10 |    23 ||    33
  Dodge: Dodged            |    14 |    87 ||   101

Table legend:
 A = Non-vault XP
 B = Vault XP
 C = Vault XP percentage of total XP
 D = Non-vault monster count
 E = Vault monster count
 F = Vault count percentage of total count
                 A         B        C        D         E       F
            +---------+---------+-------+---------+---------+-------
      Total |     653 |      37 |   5.4 |      76 |       1 |   1.3
            +---------+---------+-------+---------+---------+-------
        D:1 |      21 |       0 |   0.0 |      16 |       0 |   0.0
        D:2 |     131 |      37 |  22.0 |      21 |       1 |   4.5
        D:3 |      84 |       0 |   0.0 |      20 |       0 |   0.0
        D:4 |     417 |       0 |   0.0 |      19 |       0 |   0.0
            +---------+---------+-------+---------+---------+-------
